 Dungeon Crawl Stone Soup version 0.26-a0-665-gefeb406119 (webtiles) character file.

Game seed: 6465483748300672804

16 Descartes the Sneak (level 2, -14/14 HPs)
             Began as a Felid Delver on Oct 14, 2020.
             Demolished by an ogre
             ... wielding a +0 giant club
              (28 damage)
             ... on level 4 of the Dungeon.
             The game lasted 00:01:01 (400 turns).

Descartes the Sneak (Felid Delver)                   Turns: 400, Time: 00:01:01

Health: -14/14     AC:  1    Str:  8    XL:     2   Next: 41%
Magic:  3/3        EV: 18    Int: 11    God:
Gold:   18         SH:  0    Dex: 17    Spells: 1/1 levels left
                                        Lives:  0   Deaths: 0

rFire    . . .     SeeInvis +     - Unarmed
rCold    . . .     Faith    .   (shield unavailable)
rNeg     . . .     Spirit   .   (armour unavailable)
rPois    .         Reflect  .   (helmet unavailable)
rElec    .         Harm     .   (cloak unavailable)
rCorr    .         Rampage  .   (gloves unavailable)
MR       .....                  (boots unavailable)
Stlth    ++++......             i - amulet of the acrobat
HPRegen  0.04/turn              (no ring)
MPRegen  0.08/turn              (no ring)

@: quick
A: very small, no armour, no weapons or thrown items, stealth, claws 1, fangs 3,
see invisible, speed 1, shaggy fur 1, sharp paws
a: no special abilities


You were on level 4 of the Dungeon.
You visited 1 branch of the dungeon, and saw 3 of its levels.

You collected 18 gold pieces.

Inventory:

Jewellery
 i - an amulet of the acrobat (around neck)
Wands
 e - a wand of digging (3)
Scrolls
 a - 2 scrolls of fog
 b - a scroll of magic mapping
 c - a scroll of fear
 g - a scroll of blinking {unknown}
 h - a scroll of remove curse {unknown}
Potions
 d - a potion of haste
 f - a potion of invisibility {unknown}
 j - a potion of curing {unknown}


   Skills:
 - Level 3.0 Fighting
 - Level 2.6 Dodging
 + Level 7.5 Stealth
 - Level 2.0 Unarmed Combat


You had one spell level left.
You didn't know any spells.
Your spell library was empty.

Dungeon Overview and Level Annotations

Branches:
Dungeon (5/15)
 Temple: D:4-7

Altars:


Innate Abilities, Weirdness & Mutations

You cannot wear armour.
You are incapable of wielding weapons or throwing items.
Your paws allow you to move quietly. (Stealth)
You have sharp claws.
You have razor-sharp teeth.
You have supernaturally acute eyesight. (SInv)
You cover ground quickly.
You are covered in fur. (AC +1)
Your sharp claws are effective at attacking unaware monsters.


Message History

There is a stone staircase leading down here.
Found 18 gold pieces.
You see here a whip.
There is a stone staircase leading down here.
You climb downwards.
There is a stone staircase leading up here.
You pounce on the unaware helpless ogre!
You mangle the ogre!!
The ogre is severely wounded.
The ogre misses you.
You barely miss the ogre.
The ogre is severely wounded.
You scratch the ogre.
The ogre is almost dead.
The ogre misses you.
You scratch the ogre.
The ogre is almost dead.
The ogre hits you with a +0 giant club!!
Ouch! That really hurt!
You die...

####.......#
#.##.$###
#.##..###..
#.###........
#....##..#.#+
####.# ..#
#.##..#
...######.#...#
#....O@....#.#
########<...$#
####.## ... ###


You could see an ogre.

Vanquished Creatures
  A hound skeleton (D:4)
  A leopard gecko (D:4)
  A leopard gecko skeleton (D:4)
  A quokka skeleton (D:4)
4 creatures vanquished.

Notes
Turn   | Place    | Note
-------+----------+-------------------------------------------
     0 | D:5      | Descartes the Felid Delver began the quest for the Orb.
     0 | D:5      | Reached XP level 1. HP: 10/10 MP: 2/2
    42 | D:5      | Noticed a worker ant
    42 | D:5      | Noticed a quasit
   241 | D:4      | Noticed a scorpion
   252 | D:4      | Reached skill level 7 in Stealth
   252 | D:4      | Reached XP level 2. HP: 9/14 MP: 3/3
   262 | D:4      | Noticed an ogre
   400 | D:4      | Demolished by an ogre

Illustrated notes

Levels and vault maps discovered:
D:3:      layout_loops_ring, chequers_temple_overflow_statue_of_worship
D:4:      layout_basic, old_standard_altar
D:5:      layout_cave_pools, nicolae_overflow_crystal_walls

Skill      XL: |  1 |
---------------+----+-----
Stealth        | 7 |  7.5
Fighting       | |  3.0
Dodging        | |  2.6
Unarmed Combat | |  2.0

Action                   || total
-------------------------++-------
Melee: Unarmed           ||    26
       Bite              ||     5
 Stab: Sleeping          ||     2
Armor: Skin              ||     2
Dodge: Dodged            ||    24

Table legend: (Time is in decaauts)
 A = Elapsed time spent in this place.
 B = Non-inter-level travel time spent in this place.
 C = Inter-level travel time spent in this place.
 D = Time resting spent in this place.
 E = Time spent auto-exploring this place.
 F = Levels seen in this place.
 G = Mean time per level.
                   A        B        C        D        E       F      G
               +--------+--------+--------+--------+--------+-----+--------+
         Total |    369 |    369 |      0 |    103 |    146 |   3 |  123.0 |
       Dungeon |    369 |    369 |      0 |    103 |    146 |   3 |  123.0 |
               +--------+--------+--------+--------+--------+-----+--------+

Top non-repeatable levels by time:
     D:4: 200 daAuts
     D:3: 122 daAuts
     D:5: 45 daAuts
